 Dungeon Crawl Stone Soup version 0.20.2-3-g29329e0561 (webtiles) character file.

781 Alfie the Cutter (level 7, -11/60 HPs)
             Began as a Hill Orc Fighter on Feb 1, 2023.
             Killed from afar by Ijyb (15 damage)
             ... with a wand of acid (?/15)
             ... on level 5 of the Dungeon.
             The game lasted 00:09:26 (3345 turns).

Alfie the Cutter (Hill Orc Fighter)                 Turns: 3345, Time: 00:09:27

Health: -11/60     AC:  3    Str: 21    XL:     7   Next: 85%
Magic:  7/7        EV:  8    Int:  8    God:
Gold:   151        SH: 10    Dex: 10    Spells: 6/6 levels left

rFire    . . .     SeeInvis .   a - +0 rapier
rCold    . . .     Gourm    .   c - +0 shield
rNeg     . . .     Faith    .   b - +0 scale mail
rPois    .         Spirit   .   (no helmet)
rElec    .         Reflect  .   (no cloak)
rCorr    .         Harm     .   (no gloves)
MR       .....                  (no boots)
Stlth    ..........             (no amulet)
Regen    0.2/turn               (no ring)
MPRegen  0.1/turn               (no ring)

@: corroded
A: no striking features
a: no special abilities


You were on level 5 of the Dungeon.
You were not hungry.

You visited 1 branch of the dungeon, and saw 5 of its levels.

You collected 241 gold pieces.
You spent 90 gold pieces at shops.

Inventory:

Hand Weapons
 a - a +0 rapier (weapon)
Armour
 b - a +0 scale mail (worn)
 c - a +0 shield (worn)
Jewellery
 e - a cursed ring of teleportation {unknown}
 l - an uncursed ring of flight {unknown}
 y - an uncursed ring of stealth {unknown}
Wands
 i - a wand of digging (12/24)
 o - a wand of polymorph (4/24)
 A - a wand of confusion (35/48)
Scrolls
 h - a scroll of fear {unknown}
 j - 2 scrolls of identify {unknown}
 k - a scroll of enchant armour {unknown}
 q - 3 scrolls of magic mapping {unknown}
 r - a scroll of enchant weapon {unknown}
 s - a scroll of noise {unknown}
 t - 2 scrolls of amnesia {unknown}
 u - a scroll of immolation {unknown}
 v - a scroll of remove curse {unknown}
 x - a scroll of teleportation
 B - a scroll of blinking {unknown}
 C - a scroll of fog {unknown}
 D - a scroll of recharging {unknown}
Potions
 d - a potion of might
 g - a potion of ambrosia {unknown}
 m - a potion of flight
 p - a potion of mutation {unknown}
 w - a potion of magic {unknown}
 z - a potion of curing
Comestibles
 f - a bread ration
 n - 3 meat rations
 E - 3 fruits


   Skills:
 + Level 4.7 Fighting
 + Level 5.7 Short Blades
 + Level 5.0 Armour
 + Level 1.2 Dodging
 + Level 0.1 Stealth
 + Level 5.7 Shields


You had 6 spell levels left.
You didn't know any spells.

Dungeon Overview and Level Annotations

Branches:
Dungeon (5/15)             Temple (0/1) D:4

Altars:
Fedhas
Okawaru
Ru
Zin

Annotations:
D:5 Grinder, Ijyb


Message History

Grinder gestures at you. Pain shoots through your body!
You closely miss Grinder.
Grinder is lightly wounded.
You puncture Grinder!
Grinder is moderately wounded.
Grinder gestures at you. Pain shoots through your body!
You hit Grinder.
Grinder is moderately wounded.
Grinder blinks!
You hit Ijyb but do no damage.
Ijyb zaps a wand.
The bolt of acid hits you!
* * * LOW HITPOINT WARNING * * *
The acid corrodes you!
You are splashed with acid!
The acid burns!
* * * LOW HITPOINT WARNING * * *
It is a wand of acid (?/15).
You hit Ijyb but do no damage.
Ijyb zaps a wand.
The bolt of acid misses you.
You barely miss Ijyb.
Grinder blinks!
Ijyb zaps a wand.
The bolt of acid hits you!
You die...

#.#.##.#...#.#.#
#.#.#<.........#####
#.#................##
........#.##...###..#
###............######.##
......###.#.#..#........
......+........#.####.##
......####..#.##.#......
.....§g@....#.##.#.##.##
......####..#..#.#.#...#
..... ##.#........_..
#### #...##.#.#...#
#...##.#.##.##
#...##.#......
#...##.####.##
#...##........
#...#######.##


You could see Ijyb.

Vanquished Creatures
  3 ogres
  A phantom (D:4)
  A crimson imp (D:4)
  2 orc wizards (D:4)
  An orc priest (D:4)
  An iguana (D:4)
  Jessica (D:2)
  3 worker ants
  Natasha (D:2)
  Robin (D:2)
  7 adders
  A worm (D:2)
  2 dart slugs (D:1)
  3 leopard geckos
  8 orcs
  2 ball pythons
  6 giant cockroaches
  6 hobgoblins
  6 jackals
  A quokka (D:2)
  8 bats
  3 frilled lizards
  14 goblins
  11 kobolds
  8 rats
101 creatures vanquished.

Notes
Turn   | Place    | Note
-------+----------+-------------------------------------------
     0 | D:1      | Alfie the Hill Orc Fighter began the quest for the Orb.
     0 | D:1      | Reached XP level 1. HP: 19/19 MP: 1/1
   101 | D:1      | Reached XP level 2. HP: 27/27 MP: 2/2
   417 | D:1      | Reached XP level 3. HP: 33/33 MP: 3/3
   827 | D:2      | Noticed Jessica
   841 | D:2      | Killed Jessica
   841 | D:2      | Reached XP level 4. HP: 40/40 MP: 4/4
   909 | D:2      | Noticed Robin
   936 | D:2      | Killed Robin
   975 | D:2      | Noticed Natasha
   982 | D:2      | Killed Natasha
   982 | D:2      | Reached XP level 5. HP: 11/46 MP: 5/5
  1482 | D:3      | Found a blossoming altar of Fedhas.
  1767 | D:3      | Found an iron altar of Okawaru.
  2098 | D:4      | Found a staircase to the Ecumenical Temple.
  2108 | D:4      | Reached XP level 6. HP: 33/52 MP: 6/6
  2162 | D:4      | Found a glowing silver altar of Zin.
  2175 | D:4      | Found Zin's Purification Station.
  2182 | D:4      | Bought a potion of curing for 90 gold pieces
  2238 | D:4      | Noticed a phantom
  2295 | D:4      | Killed a phantom
  2295 | D:4      | Reached skill level 5 in Shields
  2409 | D:4      | Reached skill level 1 in Dodging
  2432 | D:4      | Reached skill level 5 in Short Blades
  2432 | D:4      | Reached XP level 7. HP: 30/60 MP: 7/7
  3072 | D:4      | Found an iron altar of Okawaru.
  3158 | D:5      | Entered Level 5 of the Dungeon
  3241 | D:5      | Reached skill level 5 in Armour
  3261 | D:5      | Found a sacrificial altar of Ru.
  3333 | D:5      | Noticed Grinder
  3336 | D:5      | Noticed Ijyb
  3343 | D:5      | HP: 3/60 [acid (8)]
  3345 | D:5      | Killed from afar by Ijyb

Skill      XL: |  1  2  3  4  5  6  7 |
---------------+----------------------+-----
Fighting       | 4 |  4.7
Short Blades   | 3 4 5 |  5.7
Shields        | 4 5 |  5.7
Armour         | 4 5 |  5.0
Dodging        | 1 |  1.2
Stealth        | |  0.1

Action                   |  1- 3 |  4- 6 |  7- 9 || total
-------------------------+-------+-------+-------++-------
Melee: Rapier            |    87 |   244 |    79 ||   410
  Use: Potion            |       |     2 |       ||     2
       Scroll            |       |     1 |       ||     1
  Eat: Bread ration      |       |     1 |     1 ||     2
       Royal jelly       |       |     1 |       ||     1
Armor: Scale mail        |    22 |    89 |    12 ||   123
Dodge: Dodged            |    16 |    51 |    20 ||    87
Block: Shield            |    41 |   105 |    29 ||   175
